 Dungeon Crawl Stone Soup version 0.29-a0-214-g17f627cfee (webtiles) character file.

Game seed: 1966784311432617974

91 Hasart the Bolt Thrower (level 4, 0/37 HPs)
             Began as a Demigod Hunter on Feb 24, 2022.
             Slain by Pargi (3 damage)
             ... in a sewer.
             The game lasted 00:02:41 (1461 turns).

Hasart the Bolt Thrower (Demigod Hunter)            Turns: 1461, Time: 00:02:42

Health: 0/37       AC:  5    Str: 13    XL:     4   Next: 12%
Magic:  6/6        EV: 12    Int: 13    God:
Gold:   145        SH:  0    Dex: 18    Spells: 3/3 levels left

rFire   . . .      SeeInvis .   a - +1 hand crossbow
rCold   . . .      Faith    .   (no shield)
rNeg    . . .      Spirit   .   b - +0 leather armour
rPois   .          Reflect  .   (no helmet)
rElec   .          Harm     .   q - +0 cloak
rCorr   .          Rampage  .   r - +0 pair of gloves
Will    .....                   (no boots)
Stlth   ++........              p - amulet of regeneration
HPRegen 0.92/turn               (no ring)
MPRegen 0.10/turn               (no ring)

@: no status effects
A: high MP 1, forlorn, divine attributes
a: no special abilities


You were in a sewer.
You visited 1 branch of the dungeon, and saw 3 of its levels.
You also visited: Sewer.

You collected 145 gold pieces.

Inventory:

Hand Weapons
 a - a +1 hand crossbow (weapon)
Armour
 b - a +0 leather armour (worn)
 q - a +0 cloak (worn)
 r - a +0 pair of gloves (worn)
Jewellery
 f - an amulet of reflection
 p - an amulet of regeneration (around neck)
Scrolls
 d - a scroll of amnesia {unknown}
 e - a scroll of enchant armour {unknown}
 h - a scroll of immolation {unknown}
 i - a scroll of identify {unknown}
 j - a scroll of enchant weapon {unknown}
 n - 2 scrolls of magic mapping {unknown}
 o - a scroll of teleportation {unknown}
Potions
 c - a potion of might {unknown}
 g - a potion of lignification {unknown}
 k - a potion of curing {unknown}
 l - a potion of haste {unknown}
 m - a potion of degeneration {unknown}


   Skills:
 + Level 2.4 Fighting
 * Level 4.3 Crossbows
 + Level 2.4 Dodging
 + Level 2.0 Stealth


You had 3 spell levels left.
You didn't know any spells.
Your spell library contained the following spells:

 Spells                   Type           Power      Damage    Failure   Level
 Magic Dart               Conj           0%         1d3       36%         1
 Searing Ray              Conj           0%         2d4       52%         2
 Sublimation of Blood     Necr           0%         N/A       52%         2
 Fulminant Prism          Conj/Hex       0%         3d6       98%         4
 Petrify                  Tmut/Erth      0%         N/A       98%         4
 Irradiate                Conj/Tmut      0%         3d14      100%        5


Dungeon Overview and Level Annotations

Branches:
Dungeon (3/15)              Sewer (1/1)

Annotations:
Sewer Pargi


Innate Abilities, Weirdness & Mutations

You have an increased reservoir of magic. (+10% MP)
You shall have no god before yourself.
Your divine heritage dramatically boosts your attributes as you level up.


Message History

Unknown command.
Shoot: a) +1 hand crossbow
Press: ? - help, Q - select action Shift-Dir - straight line, f/p - Pargi
Aim: Pargi (severely wounded, 60% to hit)
You shoot a bolt. The bolt hits Pargi.
Pargi is severely wounded.
Pargi barely misses you. Pargi claws you. Pargi barely misses you.
Unknown command.
Shoot: a) +1 hand crossbow
Press: ? - help, Q - select action Shift-Dir - straight line, f/p - Pargi
Aim: Pargi (severely wounded, 60% to hit)
You shoot a bolt. The bolt closely misses Pargi.
Pargi closely misses you. Pargi claws you but does no damage. Pargi claws you.
Pargi bites you.
* * * LOW HITPOINT WARNING * * *
Pargi closely misses you. Pargi claws you.
* * * LOW HITPOINT WARNING * * *
Unknown command.
Unknown command.
You enter the shallow water.
Moving in this stuff is going to be slow.
Pargi hisses menacingly.
Pargi bites you. Pargi claws you.
* * * LOW HITPOINT WARNING * * *
Pargi closely misses you. Pargi bites you.
* * * LOW HITPOINT WARNING * * *
Pargi closely misses you. Pargi claws you.
* * * LOW HITPOINT WARNING * * *
Shoot: a) +1 hand crossbow
Press: ? - help, Q - select action Shift-Dir - straight line, f/p - Pargi
Aim: Pargi (heavily wounded, 60% to hit)
You shoot a bolt. The bolt hits Pargi.
Pargi is heavily wounded.
Pargi bites you.
* * * LOW HITPOINT WARNING * * *
Pargi claws you.
* * * LOW HITPOINT WARNING * * *
Pargi claws you.
You die...

#≈≈≈≈≈≈≈≈# ≈≈≈≈≈≈≈≈≈
##≈≈≈≈≈≈≈# #..≈≈≈≈≈≈#
#..≈≈≈≈≈≈# ##≈≈≈≈≈≈##
#≈≈≈≈≈≈≈# ####≈≈≈≈≈≈≈≈#
#.@T≈≈≈≈≈≈≈≈# #####
##†≈≈≈≈≈≈≈≈## .≈.##∩∩.##
###≈≈≈≈≈≈≈≈≈#
≈≈≈≈.≈≈≈..###..≈≈≈≈≈≈≈≈≈#
≈≈≈≈≈≈≈≈≈.≈##≈≈≈≈≈≈≈≈≈###
≈≈≈≈≈≈≈≈≈≈≈≈.≈≈≈≈≈≈≈≈##
≈≈≈≈≈≈≈≈≈≈≈≈≈≈≈≈≈≈≈≈≈#
≈≈≈≈≈≈≈≈≈≈≈≈≈≈≈≈≈≈≈≈≈#
≈≈≈≈≈≈≈≈≈≈≈≈≈≈≈≈≈≈≈###


You could see Pargi.

Vanquished Creatures
  4 adders
  A worm (D:3)
  2 dart slugs
  8 ball pythons
  5 endoplasms
  3 giant cockroaches
  A hobgoblin (D:2)
  5 kobolds
  5 quokkas
  4 bats
  2 frilled lizards
  4 goblins
  3 rats
47 creatures vanquished.

Notes
Turn   | Place    | Note
-------+----------+-------------------------------------------
     0 | D:1      | Hasart the Demigod Hunter began the quest for the Orb.
     0 | D:1      | Reached XP level 1. HP: 17/17 MP: 3/3
    59 | D:1      | Reached skill level 1 in Stealth
   265 | D:1      | Reached XP level 2. HP: 24/24 MP: 4/4
   645 | D:2      | Reached skill level 4 in Crossbows
   758 | D:2      | Reached XP level 3. HP: 28/29 MP: 5/5
  1356 | D:3      | Reached XP level 4. HP: 23/37 MP: 6/6
  1404 | D:3      | Found a glowing drain.
  1420 | Sewer    | Entered a sewer
  1439 | Sewer    | Noticed Pargi
  1461 | Sewer    | Slain by Pargi

Illustrated notes

Levels and vault maps discovered:
D:1:      tarquinn_simple_flora_water_b, layout_loops_ring, st_stairs_11
D:2:      layout_basic, nicolae_ecumenical_snake_handling, minmay_tromino_v4_a
D:3:      layout_loops_corners, nemelex_dance_club_becter, gup_sewer_entry_pipe,
          mrwooster_statue_mirror, grunt_ministairs_2, kennysheep_generic_room_6
Sewer:    sewer_co_pargi_island

Skill      XL: |  1  2  3  4 |
---------------+-------------+-----
Stealth        | 1 2 |  2.0
Fighting       | 2 |  2.4
Dodging        | 2 |  2.4
Crossbows      | 4 |  4.3

Action                   |  1- 3 |  4- 6 || total
-------------------------+-------+-------++-------
 Fire: Hand crossbow     |   111 |    34 ||   145
Armor: Leather armour    |    10 |    12 ||    22
Dodge: Dodged            |    31 |    41 ||    72

Table legend: (Time is in decaauts)
 A = Elapsed time spent in this place.
 B = Non-inter-level travel time spent in this place.
 C = Inter-level travel time spent in this place.
 D = Time resting spent in this place.
 E = Time spent auto-exploring this place.
 F = Levels seen in this place.
 G = Mean time per level.
                   A        B        C        D        E       F      G
               +--------+--------+--------+--------+--------+-----+--------+
         Total |   1521 |   1457 |     64 |     15 |   1102 |   4 |  380.2 |
       Dungeon |   1467 |   1403 |     64 |     15 |   1084 |   3 |  489.0 |
         Sewer |     54 |     54 |      0 |      0 |     18 |   1 |   54.0 |
               +--------+--------+--------+--------+--------+-----+--------+

Top non-repeatable levels by time:
     D:2: 771 daAuts
     D:1: 590 daAuts
     D:3: 105 daAuts
   Sewer: 54 daAuts
